 Dungeon Crawl Stone Soup version 0.18-a0-1267-gff090c1 (webtiles) character file.

11166 RedPan the Bludgeoner (level 11, -3/117 HPs)
             Began as an Ogre Berserker on Feb 7, 2016.
             Was a High Priest of Trog.
             Killed from afar by an electric eel (11 damage)
             ... with a bolt of electricity
             ... on level 11 of the Dungeon.
             The game lasted 00:28:04 (13140 turns).

RedPan the Bludgeoner (Ogre Berserker)             Turns: 13140, Time: 00:28:04

Health: -3/117     AC:  9    Str: 27    XL:     11   Next: 73%
Magic:  0/11       EV: 12    Int:  6    God:    Trog [*****.]
Gold:   701        SH:  0    Dex:  9    Spells: 0 memorised, 10 levels left

rFire  + . .     SeeInvis .     A - +0 giant club
rCold  + . .     Gourm    .     F - +1 robe {rF+}
rNeg   . . .     Faith    .     (shield currently unavailable)
rPois  +         Spirit   +     (helmet restricted)
rElec  .         Dismiss  .     L - +1 cloak {rPois}
rCorr  .         Reflect  .     (gloves unavailable)
SustAt .         Harm     .     (boots unavailable)
MR     +++..                    g - amulet of guardian spirit
Stlth  +.........               m - ring of protection from cold
                                f - +3 ring of protection

@: regenerating, extremely resistant to hostile enchantments, very unstealthy
A: unfitting armour, tough skin 1
a: Berserk, Trog's Hand, Brothers in Arms, Burn Spellbooks, Renounce Religion


You were on level 11 of the Dungeon.
You worshipped Trog.
Trog was extremely pleased with you.
You were hungry.

You visited 2 branches of the dungeon, and saw 12 of its levels.

You collected 701 gold pieces.

Inventory:

Hand Weapons
 A - a +0 giant club (weapon)
Armour
 F - a +1 robe of fire resistance (worn)
 L - a +1 cloak of poison resistance (worn)
Jewellery
 e - an uncursed ring of flight
 f - a +3 ring of protection (left hand)
 g - an amulet of guardian spirit (around neck)
 k - an uncursed ring of fire
 m - a ring of protection from cold (right hand)
 n - an uncursed ring of poison resistance
Wands
 b - a wand of paralysis (14/24)
 s - a wand of lightning (10/15)
 t - a wand of flame (15/48)
 y - a wand of confusion (20/48)
 E - a wand of acid (6/15)
 J - a wand of slowing (22/48)
Scrolls
 h - 4 scrolls of remove curse
 i - a scroll of recharging
 j - 3 scrolls of teleportation
 l - 4 scrolls of identify
 p - 2 scrolls of immolation
 M - a scroll of vulnerability
Potions
 a - a potion of cancellation
 d - a potion of curing
 w - 2 potions of invisibility
 D - 3 potions of flight
 G - a potion of magic
 H - a potion of brilliance
 I - 3 potions of might
Comestibles
 c - 12 bread rations
 r - 2 meat rations
 u - 9 royal jellies
 v - 2 beef jerkies


   Skills:
 - Level 10.1 Fighting
 + Level 16.1 Maces & Flails
 + Level 6.8 Armour
 - Level 7.0 Dodging


You had 10 spell levels left.
You didn't know any spells.

Dungeon Overview and Level Annotations

Branches:
Dungeon (11/15)            Temple (1/1) D:7            Lair (0/8) D:8
    Orc (0/2) D:11

Altars:
Ashenzari
Cheibriados
Dithmenos
Elyvilon
Fedhas
Gozag
Kikubaaqudgha
Makhleb
Nemelex Xobeh
Okawaru
Pakellas
Qazlal
Ru
Sif Muna
Trog
Vehumet
Xom
Yredelemnul
Zin
The Shining One
Beogh

Shops:
D:5 %


Innate Abilities, Weirdness & Mutations

You are too large for most types of armour.
You have tough skin (AC +1).


Message History

The electric eel is lightly wounded.
The electric eel shoots out a bolt of lightning at you!
The bolt of electricity hits you!
* * * LOW HITPOINT WARNING * * *
You barely miss the electric eel.
The electric eel is lightly wounded.
The electric eel shoots out a bolt of lightning at you!
The bolt of electricity hits you!
* * * LOW HITPOINT WARNING * * *
You miss the electric eel.
The electric eel is lightly wounded.
You miss the electric eel.
The electric eel is lightly wounded.
You closely miss the electric eel.
The electric eel is lightly wounded.
You completely miss the electric eel.
The electric eel is lightly wounded.
The electric eel shoots out a bolt of lightning at you!
The bolt of electricity hits you!
You die...

##♣♣♣♣≈♣# ##≈≈≈♣≈≈P♣#
##♣♣♣≈≈≈≈≈≈≈≈≈# ###
#♣≈≈≈≈≈≈≈≈≈P≈≈♣## .≈###
#♣P≈≈≈≈≈≈≈≈≈≈≈P≈≈#
≈♣♣.##≈≈≈≈≈≈P≈≈≈P≈≈≈≈≈≈≈
)≈≈≈...≈PP≈P≈†≈≈P;P≈.P%≈
).≈.....♣♣♣≈≈≈..@..≈..≈.
#.#.....................
#.....................≈≈
###.<.........≈..≈P≈≈≈≈♣♣♣
###.........♣≈≈≈≈≈≈≈≈≈♣≈..
...........)÷≈PP≈♣♣≈≈≈♣..
...........(..♣♣♣♣ ♣♣♣..
#########..(....♣♣♣♣♣..#
#..............#


You could see an electric eel.

Vanquished Creatures
  A centaur warrior (D:11)
  3 unseen horrors (D:10)
  A queen bee (D:9)
  A water elemental (D:11)
  A spriggan (D:7)
  7 yaks
  2 hippogriffs
  The ghost of bullock the Grave Robber, an amateur OpNe (D:5)
  2 water moccasins
  An eye of draining (D:10)
  8 orc warriors
  3 black bears
  A necrophage (D:7)
  A phantom (D:5)
  3 sky beasts
  5 ogres
  An ice beast (D:5)
  7 centaurs
  A crocodile (D:11)
  A big kobold (D:11)
  7 giant frogs
  A gnoll sergeant (D:7)
  A wyvern zombie (D:6)
  5 scorpions
  A wyvern skeleton (D:9)
  23 killer bees
  4 electric eels (D:11)
  8 crimson imps
  2 giant frog zombies (D:5)
  2 quasits
  10 orc priests
  A wasp zombie (D:8)
  4 hounds
  A gnoll shaman (D:6)
  2 giant frog skeletons
  2 jellies
  10 orc wizards
  8 iguanas
  6 worker ants
  2 killer bee zombies (D:5)
  2 hound zombies
  A hound skeleton (D:8)
  A worker ant zombie (D:11)
  18 gnolls
  13 adders
  5 shadow imps
  An adder zombie (D:5)
  6 worms
  4 giant geckos
  60 orcs
  5 giant cockroaches
  6 goblins
  10 hobgoblins
  11 jackals
  12 kobolds
  2 quokkas
  A ball python skeleton (D:4)
  10 bats
  2 giant gecko zombies (D:5)
  3 giant newts
  8 rats
332 creatures vanquished.

Vanquished Creatures (others)
  A yak (D:6)
  An orc (D:11)
  A fungus (D:8)
  A plant (D:11)
  A withered plant (D:5)
5 creatures vanquished.

Grand Total: 337 creatures vanquished

Notes
Turn   | Place    | Note
--------------------------------------------------------------
     0 | D:1      | RedPan the Ogre Berserker began the quest for the Orb.
     0 | D:1      | Reached XP level 1. HP: 24/24 MP: 1/1
   399 | D:1      | Reached XP level 2. HP: 29/32 MP: 2/2
   869 | D:1      | You fall through a shaft!
   869 | D:2      | Found a shattered altar of Ashenzari.
   872 | D:2      | Reached XP level 3. HP: 36/40 MP: 3/3
   883 | D:2      | Reached ** piety under Trog
  1066 | D:2      | Found an opulent altar of Gozag.
  1134 | D:2      | Reached skill level 5 in Fighting
  1138 | D:2      | Reached skill level 5 in Maces & Flails
  1511 | D:2      | Reached XP level 4. HP: 45/50 MP: 4/4
  2270 | D:3      | Reached XP level 5. HP: 34/59 MP: 3/5
  2274 | D:3      | Reached skill level 6 in Maces & Flails
  2381 | D:3      | Found an oddly glowing altar of Pakellas.
  2453 | D:3      | Found a shimmering altar of Xom.
  2474 | D:3      | Reached *** piety under Trog
  2677 | D:3      | Reached XP level 6. HP: 68/68 MP: 4/6
  2827 | D:4      | Reached skill level 7 in Maces & Flails
  3395 | D:4      | Found a sparkling altar of Nemelex Xobeh.
  3401 | D:4      | Reached XP level 7. HP: 74/78 MP: 7/7
  3485 | D:5      | Entered Level 5 of the Dungeon
  3494 | D:4      | Reached skill level 8 in Maces & Flails
  3794 | D:5      | Found Jahir's Food Boutique.
  4341 | D:5      | Reached skill level 9 in Maces & Flails
  4382 | D:5      | Noticed bullock's ghost (amateur OpNe)
  4387 | D:5      | Reached XP level 8. HP: 91/91 MP: 6/8
  4395 | D:5      | Killed bullock's ghost
  4919 | D:6      | Reached skill level 10 in Maces & Flails
  5063 | D:6      | Found an iron altar of Okawaru.
  5109 | D:6      | Reached skill level 10 in Fighting
  5209 | D:6      | Found a radiant altar of Vehumet.
  5392 | D:6      | Reached skill level 11 in Maces & Flails
  5392 | D:6      | Reached XP level 9. HP: 57/101 MP: 4/9
  6011 | D:6      | Found an oddly glowing altar of Pakellas.
  6011 | D:6      | Noticed an orange crystal statue
  6036 | D:6      | Reached **** piety under Trog
  6378 | D:7      | Reached skill level 5 in Dodging
  6691 | D:7      | Reached skill level 12 in Maces & Flails
  6863 | D:7      | Found a staircase to the Ecumenical Temple.
  6898 | Temple   | Entered the Ecumenical Temple
  7879 | D:8      | Found a staircase to the Lair.
  7977 | D:8      | Found a shadowy altar of Dithmenos.
  7977 | D:8      | Found a burning altar of Makhleb.
  8022 | D:8      | Reached XP level 10. HP: 65/109 MP: 5/10
  8201 | D:8      | Reached skill level 13 in Maces & Flails
  8232 | D:8      | Found an iron altar of Okawaru.
  8442 | D:8      | Found a bloodstained altar of Trog.
  9112 | D:9      | Reached skill level 1 in Armour
  9197 | D:9      | Reached skill level 14 in Maces & Flails
  9202 | D:9      | Reached ***** piety under Trog
  9816 | D:10     | Entered Level 10 of the Dungeon
 10057 | D:10     | Killed an unseen horror
 10057 | D:10     | Reached XP level 11. HP: 75/117 MP: 8/11
 10263 | D:10     | HP: 4/117 [something (7)]
 10267 | D:10     | Killed an unseen horror
 10267 | D:10     | Reached skill level 15 in Maces & Flails
 10267 | D:10     | Reached skill level 5 in Armour
 10898 | D:10     | Killed an unseen horror
 11552 | D:11     | Noticed a centaur warrior
 11561 | D:11     | Killed a centaur warrior
 11897 | D:11     | Reached skill level 16 in Maces & Flails
 11941 | D:11     | Received a gift from Trog
 11949 | D:11     | Found a roughly hewn altar of Beogh.
 11995 | D:11     | Found a staircase to the Orcish Mines.
 13136 | D:11     | HP: 4/117 [electric eel/bolt of electricity (9)]
 13140 | D:11     | Killed from afar by an electric eel

Vault maps used:
D:1:      minmay_arrival_shattered_statue, serial_curves, eino_curves_03,
          eino_curves_02
D:2:      nicolae_gozag_seed_capital, evilmike_ruin_ashenzari
D:3:      xom_teletrap_fun, lemuel_coloured_pillars_altar, first_bread,
          eino_tiny_chamber, kennysheep_generic_room_10
D:4:      nemelex_xobeh_ov_fountains_minmay
D:5:      serial_shops, shop, serial_undead, serial_undead_c, serial_undead_a,
          serial_undead_e, serial_undead_c
D:6:      nicolae_overflow_crystal_walls, vehumet_crystals,
          gammafunk_pakellas_statue_experiment
D:7:      the_bakery
D:8:      gammafunk_temple_overflow_elements, dpeg_oklobed_lair, basic_altar,
          trog_book
D:9:      special_room, grunt_ministairs_6, minivault_25
D:10:     kennysheep_nondescript
D:11:     david_orc_5, serial_bayou, serial_bayou_pond_d, serial_bayou_pond_d,
          serial_bayou_ford_a, serial_bayou_pond_a, serial_bayou_pond_a,
          grunt_tough_drop, uniq_snorg
Temple:   triangle_lava_temple_11

Action                   |  1- 3 |  4- 6 |  7- 9 | 10-12 || total
-------------------------+-------+-------+-------+-------++-------
Melee: Mace              |   161 |   181 |   248 |       ||   590
       Giant club        |       |       |   192 |   509 ||   701
Invok: Berserk           |     1 |     2 |     4 |     6 ||    13
       Trog's Hand       |       |     2 |     5 |     8 ||    15
       Burn Spellbooks   |       |     1 |     1 |     2 ||     4
Evoke: Wand              |       |       |       |     1 ||     1
  Use: Potion            |       |     6 |       |    13 ||    19
       Scroll            |       |     5 |     5 |     4 ||    14
 Stab: Sleeping          |       |     1 |       |       ||     1
  Eat: Chunk             |     3 |     8 |    11 |    18 ||    40
       Bread ration      |       |       |     3 |       ||     3
       Fruit             |       |       |       |     2 ||     2
       Pizza             |       |       |       |     2 ||     2
